AoeStats
← FiestaParty

Arabia

509129346Analyzed
1v1 RM · 7d ago on Sep 25, 2026· 58m 55s· 2 players
Game mode
Random Map
Map size
Tiny (2 player)
Population
200
Speed
Normal
Resources
Standard
Victory
Conquest
Starting age
Dark Age
Ending age
Imperial Age
RankedLock teamsTeams togetherTeam positionsShared explorationLock speedFull tech treeHidden civsTurbo modeCheats
Victory
Defeat
🇦🇷 Ethiopians · Argentina
889
+15
🇺🇸 Persians · United States
875
-15
FiestaParty
5:18 Loom
6:06 Loom
8:40 Feudal Age
9:07 Double-Bit Axe
14:54 Horse Collar
19:56 Castle Age
19:12 Bloodlines
19:14 Scale Barding Armor
19:21 Forging
20:34 Husbandry
21:35 Elite Skirmisher
29:03 Chain Barding Armor
35:55 Bow Saw
39:41 Gold Mining
45:25 Padded Archer Armor
45:18 Fletching
48:22 Wheelbarrow
47:49 Heavy Plow
49:17 Leather Archer Armor
49:38 Iron Casting
52:57 Imperial Age
51:13 Bodkin Arrow
FlorCe
4:55 Loom
11:51 Feudal Age
20:41 Castle Age
19:37 Fletching
19:47 Padded Archer Armor
21:35 Forging
21:01 Crossbowman
22:25 Thumb Ring
24:31 Bodkin Arrow
26:34 Leather Archer Armor
40:08 Gold Mining
47:59 Imperial Age
46:12 Ballistics
Connection lost

Rejoining the realm…

Still unreachable

The connection could not be restored.

Session expired

The server has moved on; the page needs a fresh start.